 Seeded DCSS version 0.28.0-45-g0d030f2227 (webtiles) character file.

Game seed: 14447413411792647702 (custom seed)

59 ravioli the Covered (level 3, 0/33 HPs)
             Began as a Minotaur Fighter on Apr 9, 2022.
             Slain by an iguana (11 damage)
             ... on level 3 of the Dungeon.
             The game lasted 00:01:55 (2329 turns).

ravioli the Covered (Minotaur Fighter)              Turns: 2329, Time: 00:01:55

Health: 0/33       AC:  7    Str: 22    XL:     3   Next: 78%
Magic:  2/2        EV:  9    Int:  5    God:
Gold:   118        SH:  4    Dex:  9    Spells: 2/2 levels left

rFire   . . .      SeeInvis .   a - +0 war axe
rCold   . . .      Faith    .   c - +0 buckler
rNeg    . . .      Spirit   .   b - +0 scale mail
rPois   .          Reflect  .   (helmet restricted)
rElec   .          Harm     .   (no cloak)
rCorr   .          Rampage  .   (no gloves)
Will    .....                   (no boots)
Stlth   ..........              (no amulet)
HPRegen 0.11/turn               (no ring)
MPRegen 0.08/turn               (no ring)

@: mighty
A: horns 2, retaliatory headbutt
a: no special abilities


You were on level 3 of the Dungeon.
You visited 1 branch of the dungeon, and saw 3 of its levels.

You collected 118 gold pieces.

Inventory:

Hand Weapons
 a - a +0 war axe (weapon)
Armour
 b - a +0 scale mail (worn)
 c - a +0 buckler (worn)
Jewellery
 g - a ring of positive energy
 o - a ring of fire
Scrolls
 e - a scroll of enchant weapon {unknown}
 i - a scroll of brand weapon {unknown}
 j - a scroll of blinking {unknown}
 k - a scroll of teleportation {unknown}
 l - a scroll of vulnerability {unknown}
 m - a scroll of noise {unknown}
 n - a scroll of enchant armour {unknown}
 p - 2 scrolls of identify {unknown}
Potions
 d - a potion of might
 f - a potion of resistance {unknown}
 h - a potion of brilliance {unknown}


   Skills:
 + Level 4.3 Fighting
 + Level 3.3 Axes
 + Level 4.3 Armour
 + Level 4.1 Shields


You had 2 spell levels left.
You didn't know any spells.
Your spell library contained the following spells:

 Spells                   Type           Power      Damage    Failure   Level
 Animate Skeleton         Necr           0%         N/A       87%         1
 Apportation              Tloc           0%         N/A       87%         1
 Foxfire                  Conj/Fire      0%         2x1d4     87%         1
 Summon Small Mammal      Summ           0%         N/A       87%         1


Dungeon Overview and Level Annotations

Branches:
Dungeon (3/15)

Altars:
Dithmenos


Innate Abilities, Weirdness & Mutations

You have a pair of horns on your head.
You reflexively headbutt those who attack you in melee.


Message History

There is an open door here.
An endoplasm is nearby!
The endoplasm barely misses you.
You slash the endoplasm!
You kill the endoplasm!
No target in view!
No target in view!
Found a stone staircase leading down.
There is a stone staircase leading down here.
A rat comes into view.
A rat is nearby!
You closely miss the rat. The rat bites you but does no damage.
You block the rat's attack.
You slash the rat!
You kill the rat!
No target in view!
No target in view!
Found a stone staircase leading up.
You now have 104 gold pieces (gained 14).
You now have 118 gold pieces (gained 14).
Found a stone staircase leading down.
Found an escape hatch in the floor.
An iguana comes into view.
The iguana hisses angrily.
An iguana is nearby!
The iguana bites you.
You hit the iguana but do no damage. Your headbutt misses the iguana.
The iguana bites you.
You hit the iguana but do no damage. The iguana bites you.
The iguana closely misses you.
You barely miss the iguana. The iguana closely misses you.
You barely miss the iguana. You headbutt the iguana.
The iguana is moderately wounded.
You block the iguana's attack.
You completely miss the iguana. You headbutt the iguana.
The iguana is heavily wounded.
The iguana barely misses you. The iguana bites you!
You feel very mighty all of a sudden. The iguana bites you!
You die...

######.#####
+.........#
######.##.#
...>#.####
######....#
######..#.#####
##......>......#
..............#.
###.#######.#@#
#. ........#l#
#..#.#..#.# #
#..#.# #..#.#
...#.# ##.#..
#.###


You could see an iguana.

Vanquished Creatures
  2 adders
  A worm (D:2)
  2 dart slugs
  An orc (D:3)
  7 endoplasms
  A giant cockroach (D:2)
  2 hobgoblins (D:1)
  A quokka (D:1)
  4 ball pythons
  5 bats
  3 goblins
  A kobold (D:1)
  3 rats
33 creatures vanquished.

Vanquished Creatures (others)
  3 fungi (D:2)
  3 plants (D:2)
6 creatures vanquished.

Grand Total: 39 creatures vanquished

Notes
Turn   | Place    | Note
-------+----------+-------------------------------------------
     0 | D:1      | ravioli the Minotaur Fighter began the quest for the Orb.
     0 | D:1      | Reached XP level 1. HP: 19/19 MP: 0/0
   141 | D:1      | Reached XP level 2. HP: 17/27 MP: 1/1
  1214 | D:2      | Reached XP level 3. HP: 32/33 MP: 2/2
  1429 | D:2      | Found a faded altar of an unknown god.
  1438 | D:2      | Got Plato's Collected Works on Fire
  1826 | D:3      | Found a shadowy altar of Dithmenos.
  2329 | D:3      | Slain by an iguana

Illustrated notes

Levels and vault maps discovered:
D:1:      dpeg_arrival_houses_and_road, layout_loops_ring, minmay_tromino_v4_a
D:2:      layout_loops_corners, shapermc_ecumenical_altar_rom_forum, st_stairs_8
D:3:      layout_basic, amcnicky_altar_gilded

Skill      XL: |  1  2  3 |
---------------+----------+-----
Armour         | 4 |  4.3
Fighting       | 4 |  4.3
Shields        | 4 |  4.1
Axes           | 3 |  3.3

Action                   || total
-------------------------++-------
Melee: War axe           ||    59
       Headbutt          ||     7
  Use: Potion            ||     1
Armor: Scale mail        ||    19
Dodge: Dodged            ||    35
Block: Buckler           ||    14
